 Dungeon Crawl Stone Soup version 0.25-a0-435-g4b9beb1024 (webtiles) character file.

Game seed: 14262991219463123692, levelgen mode: deterministic

126 Elellon the Conjurer (level 4, -1/24 HPs)
             Began as a Deep Elf Conjurer on Jan 29, 2020.
             Killed from afar by Natasha (3 damage)
             ... with a magic dart
             ... on level 2 of the Dungeon.
             The game lasted 00:03:49 (2278 turns).

Elellon the Conjurer (Deep Elf Conjurer)            Turns: 2278, Time: 00:03:50

Health: -1/24      AC:  3    Str:  6    XL:     4   Next: 83%
Magic:  2/13       EV: 13    Int: 20    God:
Gold:   125        SH:  0    Dex: 15    Spells: 12/13 levels left

rFire    . . .     SeeInvis .   s - +2 hand axe (distort)
rCold    . . .     Gourm    .   (no shield)
rNeg     . . .     Faith    .   a - +0 robe
rPois    .         Spirit   .   i - +0 helmet
rElec    .         Reflect  .   (no cloak)
rCorr    .         Harm     .   (no gloves)
MR       .....                  (no boots)
Stlth    ++........             (no amulet)
HPRegen  0.08/turn              (no ring)
MPRegen  0.13/turn              (no ring)

@: slowed, very slow
A: no striking features
a: no special abilities


You were on level 2 of the Dungeon.
You were not hungry.

You visited 1 branch of the dungeon, and saw 3 of its levels.

You collected 125 gold pieces.

Inventory:

Hand Weapons
 g - a +0 dagger
 s - a +2 hand axe of distortion (weapon)
Armour
 a - a +0 robe (worn)
 i - a +0 helmet (worn)
Jewellery
 h - a +5 ring of strength {unknown}
 o - a +1 ring of evasion {unknown}
Scrolls
 b - a scroll of remove curse {unknown}
 e - a scroll of blinking {unknown}
 f - a scroll of immolation {unknown}
 j - 2 scrolls of magic mapping {unknown}
 l - 3 scrolls of teleportation {unknown}
 m - 3 scrolls of identify {unknown}
 t - a scroll of amnesia {unknown}
Potions
 d - 2 potions of heal wounds {unknown}
 k - 3 potions of curing {unknown}
 p - a potion of resistance {unknown}
 q - a potion of degeneration {unknown}
 r - a potion of agility
Comestibles
 c - 6 rations
 n - 3 chunks of flesh


   Skills:
 - Level 2.4 Dodging
 - Level 2.4 Stealth
 + Level 5.3 Spellcasting
 + Level 5.7 Conjurations


You had 12 spell levels left.
You knew the following spells:

 Your Spells              Type           Power        Failure   Level  Hunger
a - Magic Dart            Conj           ####         1%          1    None

Your spell library contained the following spells:

 Spells                   Type           Power        Failure   Level  Hunger
 Searing Ray              Conj           ####..       1%          2    None
 Dazzling Flash           Conj/Hex       ###...       11%         3    ##.....
 Fulminant Prism          Conj/Hex       ###.......   34%         4    ####...
 Iskenderun's Mystic Bla  Conj/Tloc      ###.....     34%         4    ####...


Dungeon Overview and Level Annotations

Branches:
Dungeon (3/15)

Altars:
Elyvilon

Annotations:
D:2 Natasha


Message History

Casting: Magic Dart (safe; 1% risk of failure)
Confirm with . or Enter, or press ? or * to list all spells.
Aiming: Magic Dart (safe; 1% risk of failure)
Press: ? - help, Shift-Dir - straight line, f - iguana
Aim: an iguana (almost dead)
The magic dart hits the iguana.
You kill the iguana!
The crimson imp shouts, "Go and return not, thou frothy tardy-gaited fustilarian!"
Natasha casts a spell at you. The magic dart hits you.
* * * LOW HITPOINT WARNING * * *
The crimson imp puffs mist at you.
Natasha stares at you and mumbles some strange words.
You feel yourself slow down.
Natasha casts a spell.
Natasha mumbles some strange words.
Natasha is no longer unusually agile.
The crimson imp blinks!
Natasha stares at you and mumbles some strange words.
The magic dart hits you.
You die...

....[.....########...# ######.
.#..........)......#.######.# ##
.##>...########.#...........#####
.......# #.#..##.###........
.#####.#### #.....#..##..######
###.......## #..##.##.#...#
##.........## #..##.##....## #
#......)....# #.###.##..##### ##
#........[5.# #.@...........# #.
#...........###ยง#####.......####.
##..........h.h.# #............
###...#...5.#...## #............
..#######........####.#..###..... #.#
##.###.#.......##(##...... #.##
##..##....##..#.).....####.
#..####..###..####.##...##..##โ‰ˆโ‰ˆ.
##......###..## #......#...##โ‰ˆ..


You could see Natasha.

Vanquished Creatures
  An iguana (D:2)
  Natasha (D:3)
  An adder (D:2)
  An ooze (D:2)
  2 dart slugs
  4 leopard geckos
  2 orcs (D:3)
  3 giant cockroaches
  8 goblins
  5 hobgoblins
  7 kobolds
  A quokka (D:2)
  A ball python (D:2)
  8 bats
  5 frilled lizards
  4 rats
54 creatures vanquished.

Vanquished Creatures (others)
  A hobgoblin (D:2)
1 creature vanquished.

Grand Total: 55 creatures vanquished

Notes
Turn   | Place    | Note
-------+----------+-------------------------------------------
     0 | D:1      | Elellon the Deep Elf Conjurer began the quest for the Orb.
     0 | D:1      | Reached XP level 1. HP: 10/10 MP: 6/6
   335 | D:1      | Reached XP level 2. HP: 15/15 MP: 5/8
  1286 | D:2      | Reached XP level 3. HP: 19/19 MP: 8/10
  1345 | D:2      | Reached skill level 5 in Conjurations
  1592 | D:2      | Found a white marble altar of Elyvilon.
  1985 | D:2      | Found a faded altar of an unknown god.
  2143 | D:3      | Reached XP level 4. HP: 24/24 MP: 5/12
  2245 | D:3      | Noticed Natasha
  2248 | D:3      | Killed Natasha
  2248 | D:3      | Reached skill level 5 in Spellcasting
  2248 | D:3      | Noticed Natasha
  2271 | D:2      | HP: 1/24 [Natasha/magic dart (4)]
  2278 | D:2      | Killed from afar by Natasha

Levels and vault maps discovered:
D:1:      minmay_arrival_split_and_join, layout_basic, bh_walls_and_bars
D:2:      layout_rooms, elyvilon_altar_4, chequers_ecumenical_altar_lobes,
          minmay_tromino_v4_c
D:3:      layout_rooms, overflow_temple_1_default, uniq_natasha

Skill      XL: |  1  2  3  4 |
---------------+-------------+-----
Spellcasting   | 4 5 |  5.3
Conjurations   | 5 |  5.7
Dodging        | |  2.4
Stealth        | |  2.4

Action                   |  1- 3 |  4- 6 || total
-------------------------+-------+-------++-------
Melee: Hand axe          |       |     1 ||     1
 Cast: Magic Dart        |    90 |    21 ||   111
  Eat: Chunk             |     4 |       ||     4
Armor: Robe              |     5 |     1 ||     6
Dodge: Dodged            |    15 |     6 ||    21

Table legend:
 A = Non-vault XP
 B = Vault XP
 C = Vault XP percentage of total XP
 D = Non-vault monster count
 E = Vault monster count
 F = Vault count percentage of total count
                 A         B        C        D         E       F
            +---------+---------+-------+---------+---------+-------
      Total |     144 |      36 |  20.0 |      52 |       2 |   3.7
            +---------+---------+-------+---------+---------+-------
        D:1 |      37 |       0 |   0.0 |      24 |       0 |   0.0
        D:2 |      89 |       1 |   1.1 |      20 |       1 |   4.8
        D:3 |      18 |      35 |  66.0 |       8 |       1 |  11.1
            +---------+---------+-------+---------+---------+-------
